 Dungeon Crawl Stone Soup version 0.31.0-2-g5a2aebc5c2 (webtiles) character file.

Game seed: 1051019344700685135

149 Cheops the Poker (level 5, 0/41 HPs)
             Began as a Formicid Fighter on Jan 20, 2024.
             Slain by Pikel
             ... wielding a +2 whip of electrocution
              (6 damage)
             ... on level 4 of the Dungeon.
             The game lasted 00:06:31 (2353 turns).

Cheops the Poker (Formicid Fighter)                 Turns: 2353, Time: 00:06:31

Health: 0/41       AC:  9    Str: 23    XL:     5   Next: 57%
Magic:  5/5        EV:  8    Int:  7    God:
Gold:   38         SH:  5    Dex: 13    Spells: 4/4 levels left

rFire   . . .        a - +0 trident
rCold   . . .        i - +0 buckler
rNeg    . . .        k - +0 chain mail
rPois   .            (helmet unavailable)
rElec   .            (no cloak)
rCorr   .            (no gloves)
SInv    +            (no boots)
Will    .....        (no amulet) Stlth
                     (no ring)
HPRegen 0.26/turn    (no ring)
MPRegen 0.09/turn

%: no passive effects
@: mighty
A: permanent stasis, dig shafts and tunnels, antennae 3, four strong arms
a: Dig, Shaft Self


You were on level 4 of the Dungeon.
You visited 1 branch of the dungeon, and saw 4 of its levels.

You collected 164 gold pieces.
You spent 126 gold pieces at shops.

Inventory:

Hand Weapons
 a - a +0 trident (weapon)
 l - a +0 halberd
Armour
 b - a +0 scale mail
 i - a +0 buckler (worn)
 k - a +0 chain mail (worn)
Magical Staves
 c - a staff of cold
 m - a staff of conjuration
Scrolls
 e - a scroll of vulnerability {unknown}
 f - a scroll of enchant armour {unknown}
 g - 4 scrolls of identify
 h - 2 scrolls of immolation {unknown}
 n - a scroll of revelation {unknown}
 o - 2 scrolls of amnesia {unknown}
Potions
 j - 2 potions of curing
 p - 2 potions of brilliance
 q - a potion of enlightenment


   Skills:
 - Level 3.2 Fighting
 + Level 5.3 Polearms
 - Level 3.2 Armour
 - Level 4.0 Shields


You had 4 spell levels left.
You didn't know any spells.
Your spell library contained the following spells:

 Spells                   Type           Power      Damage    Failure   Level
 Lesser Beckoning         Tloc           0%         N/A       99%         2
 Gell's Gravitas          Tloc           0%         N/A       100%        3
 Teleport Other           Tloc           0%         N/A       100%        3
 Summon Forest            Summ/Tloc      0%         N/A       100%        5
 Eringya's Noxious Bog    Alch           0%         4d6       100%        6
 Summon Hydra             Summ           0%         N/A       100%        7


Dungeon Overview and Level Annotations

Branches:
Dungeon (4/15)
 Temple: D:4-7

Altars:
Hepliaklqana
Uskayaw

Shops:
D:1 !?

Annotations:
D:3 2 runed translucent doors, HakonGodeson's ghost, amateur HuFi
D:4 Pikel


Innate Abilities, Weirdness & Mutations

You cannot be hasted, slowed, berserked, paralysed or teleported.
You can dig through walls and to a lower floor.
You have a pair of large antennae on your head. (SInv)
Your four strong arms can wield two-handed weapons with a shield.


Message History

Pikel hits you with a +2 whip of electrocution!
* * * LOW HITPOINT WARNING * * *
You are electrocuted!
* * * LOW HITPOINT WARNING * * *
Unknown command.
Unknown command.
Unknown command.
Unknown command.
You puncture Pikel!
Pikel is almost dead.
The quokka completely misses you. Pikel hits you but does no damage.
Unknown command.
You hit Pikel but do no damage.
Pikel is almost dead.
The quokka twitches its whiskers.
The quokka bites you but does no damage.
Pikel says, "You'll make a fine lemure."
You block Pikel's attack.
The quokka bites you but does no damage.
Unknown command.
You closely miss Pikel.
Pikel is almost dead.
Pikel hits you but does no damage.
The quokka bites you but does no damage.
Unknown command.
You closely miss Pikel.
Pikel is almost dead.
The quokka barely misses you.
Pikel hits you with a +2 whip of electrocution.
* * * LOW HITPOINT WARNING * * *
A quokka comes into view.
You barely miss Pikel.
Pikel is almost dead.
The quokka barely misses you. Pikel hits you but does no damage.
You barely miss Pikel.
Pikel is almost dead.
You block the quokka's attack.
Pikel hits you with a +2 whip of electrocution.
You die...
Pikel says, "See you in Hell!"

#.## #... ##
#..# .. #.r# #.
#..#####.#
###..#.!......#
...5...55...>..
,{#K# #@# #r#
#.# #..${....
#.####### #.#
#.# ..# #.#


You could see Pikel, 2 lemures and 2 quokkas.

Vanquished Creatures
  A lemure (D:4)
  An orc wizard (D:2)
  Robin (D:2)
  3 gnolls (D:3)
  An adder (D:3)
  A ribbon worm (D:3)
  2 dart slugs
  7 orcs
  A bat (D:1)
  3 endoplasms (D:1)
  3 giant cockroaches
  17 goblins
  4 hobgoblins
  6 jackals
  A quokka (D:3)
  A ball python (D:3)
  3 frilled lizards (D:3)
  A rat (D:2)
57 creatures vanquished.

Notes
Turn   | Place    | Note
-------+----------+-------------------------------------------
     0 | D:1      | Cheops the Formicid Fighter began the quest for the Orb.
     0 | D:1      | Reached XP level 1. HP: 18/18 MP: 1/1
    69 | D:1      | Found Qucesin's Distillery.
   281 | D:1      | Reached XP level 2. HP: 22/24 MP: 2/2
   349 | D:1      | Reached skill level 3 in Polearms
   447 | D:1      | Found Ickulueg's Magic Scroll Shoppe.
   452 | D:1      | Bought a scroll of identify for 26 gold pieces
   645 | D:2      | Reached XP level 3. HP: 22/29 MP: 3/3
   824 | D:2      | Reached skill level 4 in Polearms
   824 | D:2      | Reached XP level 4. HP: 30/35 MP: 4/4
   889 | D:2      | Identified the +1 helmet of the Kodama {rF- Str+5}
   889 | D:2      | Noticed Robin
   900 | D:2      | Killed Robin
  1465 | D:3      | Found a runed translucent door.
  1466 | D:3      | Noticed a bullfrog
  1466 | D:3      | Noticed HakonGodeson's ghost (amateur HuFi)
  1564 | D:3      | Reached XP level 5. HP: 34/41 MP: 5/5
  1608 | D:3      | Found a hide-covered altar of Uskayaw.
  1609 | D:3      | Found a hazy altar of Hepliaklqana.
  1733 | D:3      | Found a runed translucent door.
  1800 | D:3      | Reached skill level 5 in Polearms
  2252 | D:1      | Bought a potion of enlightenment for 50 gold pieces
  2252 | D:1      | Bought a potion of heal wounds for 50 gold pieces
  2323 | D:4      | Noticed Pikel
  2323 | D:4      | Noticed a lemure
  2324 | D:4      | Noticed a lemure
  2324 | D:4      | Noticed a lemure
  2336 | D:4      | Noticed a lemure
  2339 | D:4      | Killed a lemure
  2353 | D:4      | Slain by Pikel

Illustrated notes

Levels and vault maps discovered:
D:1:      ncdulo_wetmaze, layout_rooms, serial_shops, nicolae_shop_waterfront,
          shop, serial_glass, glass_columns_b, glass_columns_c, glass_columns_b,
          glass_columns_a, minmay_strange_pillars, feat_on_display,
          due_unseen_surprise, serial_bayou_pond_d
D:2:      layout_loops_cross, uniq_robin
D:3:      layout_loops_ring, gammafunk_temple_overflow_statue,
          ebering_ghost_sewer_f, nicolae_grassy_gnolls
D:4:      layout_loops_ring, minmay_temple_entry_drinking_statues,
          portal_sewer_entry_a, minmay_misc_feat_square,
          nicolae_zig_zag_zippers, uniq_pikel

Skill      XL: |  1  2  3  4  5 |
---------------+----------------+-----
Polearms       | 3 4 5 |  5.3
Fighting       | |  3.2
Armour         | |  3.2
Shields        | |  4.0

Action                     |  1- 3 |  4- 6 || total
---------------------------+-------+-------++-------
  Melee: Trident           |    70 |   149 ||   219
Ability: Dig               |     2 |       ||     2
    Use: Scroll            |     1 |     2 ||     3
         Potion            |       |     2 ||     2
 Armour: Scale mail        |    19 |       ||    19
         Chain mail        |    29 |    80 ||   109
  Dodge: Dodged            |    38 |    42 ||    80
  Block: Buckler           |    28 |    27 ||    55
